 Dungeon Crawl Stone Soup version 0.24-a0-459-g225fefd530 (webtiles) character file.

Game seed: 17478610936207579544

44771 Inarius the Brawler (level 13, -16/90 HPs)
             Began as a Demonspawn Hunter on June 29, 2019.
             Was a High Priest of Okawaru.
             Demolished by a two-headed ogre
             ... wielding a +0 great mace of flaming
              (23 damage)
             ... in a volcano.
             The game lasted 00:53:24 (22177 turns).

Inarius the Brawler (Demonspawn Hunter)            Turns: 22177, Time: 00:53:24

Health: -16/90     AC: 13    Str: 16    XL:     13   Next: 98%
Magic:  0/18       EV:  5    Int: 17    God:    Okawaru [*****.]
Gold:   854        SH: 10    Dex: 14    Spells: 12/12 levels left

rFire    + + .     SeeInvis .     - Unarmed
rCold    x . .     Gourm    +   t - +0 shield
rNeg     . . .     Faith    .   C - +0 plate armour
rPois    .         Spirit   +   (helmet restricted)
rElec    .         Reflect  .   H - scarf {Spirit}
rCorr    .         Harm     .   (no gloves)
MR       .....                  (boots unavailable)
Stlth    ..........             B - amulet of Virtue {Gourm Int+3}
HPRegen  0.25/turn              I - ring of fire
MPRegen  0.16/turn              T - ring of protection from fire

@: very slightly contaminated, very slow
A: claws 2, hooves 3, horns 2, demonic guardian 1, foul stench 1, rot immunity
a: Heroism, Finesse, Renounce Religion


You were in a volcano.
You worshipped Okawaru.
Okawaru was extremely pleased with you.
You were completely stuffed.

You visited 3 branches of the dungeon, and saw 17 of its levels.
You also visited: Ice Cave and Volcano.

You collected 1071 gold pieces.
You spent 217 gold pieces at shops.

Inventory:

Missiles
 b - 23 boomerangs
 h - 6 silver javelins
 k - 3 throwing nets
 r - 4 javelins (quivered)
 M - 2 silver boomerangs
Armour
 t - a +0 shield (worn)
 C - a +0 plate armour (worn)
 H - a scarf of spirit shield (worn)
 L - the +5 ring mail of Beauty {*Contam +Fly rF+}
   (You found it on level 10 of the Dungeon)

   It protects you from fire.
   It lets you fly.
   It causes magical contamination when unequipped.
Jewellery
 c - an uncursed ring of see invisible
 j - an uncursed ring of ice
 A - an uncursed ring of protection from cold
 B - the amulet of Virtue (around neck) {Gourm Int+3}
   (You found it on level 7 of the Dungeon)

   [amulet of the gourmand]

   It allows you to eat raw meat even when not hungry.
   It affects your intelligence (+3).
 D - a +3 ring of strength
 I - a ring of fire (left claw)
 N - an uncursed ring of protection from magic
 R - an uncursed ring of poison resistance
 T - a ring of protection from fire (right claw)
Wands
 n - a wand of polymorph (7)
 F - a wand of flame (34)
Scrolls
 a - 4 scrolls of enchant armour {unknown}
 i - a scroll of vulnerability {unknown}
 l - 2 scrolls of amnesia
 m - 4 scrolls of noise
 o - 6 scrolls of teleportation
 p - 6 scrolls of enchant weapon {unknown}
 q - 7 scrolls of remove curse
 w - 2 scrolls of immolation
 O - 3 scrolls of fear {unknown}
 P - a scroll of magic mapping
 Q - a scroll of acquirement {unknown}
 U - a scroll of random uselessness {unknown}
Potions
 d - a potion of curing
 g - a potion of cancellation
 s - 2 potions of mutation {unknown}
 u - 2 potions of brilliance
 v - a potion of flight {unknown}
 x - 3 potions of magic
 z - 6 potions of might {unknown}
 E - a potion of agility
 G - a potion of haste {unknown}
 K - a potion of resistance
Miscellaneous
 J - a lamp of fire
 W - a phial of floods (inert)
Comestibles
 f - 35 rations
 V - 4 chunks of flesh


   Skills:
 + Level 4.4 Fighting
 + Level 7.5 Throwing
 + Level 8.6 Armour
 + Level 3.5 Dodging
 + Level 2.8 Stealth
 + Level 5.5 Shields
 * Level 15.6 Unarmed Combat
 + Level 6.2 Invocations
 * Level 7.1 Evocations


You had 12 spell levels left.
You didn't know any spells.
Your spell library contained the following spells:

 Spells                   Type           Power        Failure   Level  Hunger
 Magic Dart               Conj           #...         100%        1    ##.....
 Blink                    Tloc           N/A          100%        2    ###....
 Call Imp                 Summ           #.......     100%        2    ###....
 Slow                     Hex            #.......     100%        2    ###....
 Conjure Flame            Conj/Fire      #.......     100%        3    ####...
 Mephitic Cloud           Conj/Pois/Air  #.......     100%        3    ####...


Dungeon Overview and Level Annotations

Branches:
Dungeon (11/15)            Temple (1/1) D:7            Lair (5/6) D:8
  Swamp (0/4) Lair:4        Snake (0/4) Lair:2          Orc (0/2) D:11
  Slime: Lair:5-6

Altars:
Ashenzari
Cheibriados
Dithmenos
Elyvilon
Fedhas
Gozag
Hepliaklqana
Kikubaaqudgha
Nemelex Xobeh
Okawaru
Qazlal
Ru
Sif Muna
Trog
Uskayaw
Vehumet
Wu Jian
Yredelemnul
Zin
The Shining One

Shops:
D:6 (   D:11 %

Annotations:
D:9 1 runed translucent door, Azzok's ghost, novice DDFi
Lair:5 Rupert


Innate Abilities, Weirdness & Mutations

You have very sharp fingernails.
You have hooves in place of feet.
You have a pair of horns on your head.
A weak demonic guardian rushes to your aid.
You may emit foul miasma when damaged in melee.
You are immune to rotting.


Message History

As you read the scroll of blinking, it crumbles to dust.
Your water elemental struggles to get unstuck from the web.
You feel better.
Your water elemental struggles to get unstuck from the web.
The two-headed ogre barely misses you.
The two-headed ogre hits you with a +2 great mace of flaming!
* * * LOW HITPOINT WARNING * * *
You emit a cloud of foul miasma!
Unknown command.
Unknown command.
Unknown command.
Unknown command.
Okay, then.
Unknown command.
You swap places.
In the distance, the volcano erupts with a roar.
The two-headed ogre is engulfed in dark miasma.
The two-headed ogre looks even sicker.
The two-headed ogre hits you with a +0 great mace of flaming!!
You die...

#≈≈≈8...8§##
####§.§..##
#.....#
#8...8#
#≈)≈..#
#))≈..#
#8p≈.8#
#a≈5..#
#O@E..#
#8...8#
#.....#
#.....#
#8.∩.8#
##...##
##∩## ###


You could see a hell knight, a two-headed ogre, a friendly water elemental
(webbed), a friendly soldier ant and a friendly shadow imp.

Vanquished Creatures
  8 hydras
  4 two-headed ogres
  A necromancer (IceCv)
  A manticore (D:11)
  2 ice statues (IceCv)
  11 elephants
  2 black mambas
  4 rime drakes
  11 spiny frogs
  4 komodo dragons
  10 ice devils (IceCv)
  2 trolls
  A queen bee (Lair:2)
  2 tyrant leeches (Lair:4)
  Prince Ribbit (D:5)
  14 blink frogs
  5 hippogriffs
  29 yaks
  A basilisk (Lair:2)
  4 wyverns
  A hungry ghost (D:11)
  A wraith (D:10)
  3 fire bats (Lair:5)
  A steam dragon (Lair:2)
  2 wargs (D:8)
  3 nagas (Lair:2)
  An acid dragon (D:11)
  2 swamp worms (Lair:4)
  9 water moccasins
  5 porcupines
  2 slaves (D:5)
  3 ice beasts
  A black bear (D:11)
  An eye of draining (D:11)
  2 phantoms
  5 orc warriors
  3 sky beasts
  A necrophage (D:6)
  5 wolves
  7 ogres
  7 centaurs
  11 crocodiles
  14 bullfrogs
  3 big kobolds
  4 scorpions
  A wyvern skeleton (D:7)
  41 killer bees
  2 wights (D:6)
  4 electric eels
  3 howler monkeys (D:7)
  A bullfrog zombie (D:5)
  5 crimson imps
  3 draconian simulacra (IceCv)
  A quasit (D:9)
  A gnoll shaman (D:7)
  6 hounds
  3 jellies
  2 centaur skeletons
  2 orc priests (D:8)
  3 iguanas
  2 bullfrog skeletons
  14 worker ants
  9 orc wizards
  A killer bee zombie (D:7)
  A spriggan simulacrum (IceCv)
  A troll simulacrum (IceCv)
  A centaur simulacrum (IceCv)
  A hound zombie (D:7)
  2 hound skeletons
  Robin (D:4)
  7 gnolls
  A howler monkey skeleton (D:4)
  3 ogre simulacra (IceCv)
  11 adders
  A naga simulacrum (IceCv)
  A shadow imp (D:11)
  An ooze (D:6)
  3 adder skeletons
  An adder zombie (D:5)
  4 worms
  11 dart slugs
  5 leopard geckos
  45 orcs
  8 giant cockroaches
  14 goblins
  10 hobgoblins
  7 jackals
  5 quokkas
  3 ball pythons
  10 bats
  2 frilled lizards
  A jackal skeleton (D:6)
  32 kobolds
  A leopard gecko skeleton (D:4)
  4 rats
  3 plants (D:7)
519 creatures vanquished.

Vanquished Creatures (collateral kills)
  An ogre mage (Volcano)
  Pikel (D:5)
  2 spiny frogs
  2 blink frogs (Lair:2)
  3 hippogriffs
  3 yaks (Lair:2)
  A water moccasin (Lair:1)
  An ice beast (D:8)
  A wight (D:6)
  An orc priest (D:3)
  A dart slug (D:6)
  An orc (D:6)
  A kobold (D:7)
  A butterfly (Lair:3)
20 creatures vanquished.

Vanquished Creatures (others)
  A human (D:5)
  3 bushes (Lair:2)
  13 fungi
  20 plants (Lair:2)
  2 withered plants (D:9)
39 creatures vanquished.

Grand Total: 578 creatures vanquished

Notes
Turn   | Place    | Note
-------+----------+-------------------------------------------
     0 | D:1      | Inarius the Demonspawn Hunter began the quest for the Orb.
     0 | D:1      | Reached XP level 1. HP: 16/16 MP: 1/1
    98 | D:1      | Gained mutation: You have sharp fingernails. [demonic
                  | ancestry]
    98 | D:1      | Reached XP level 2. HP: 15/22 MP: 2/2
  1050 | D:2      | Gained mutation: You have large cloven feet. [demonic
                  | ancestry]
  1050 | D:2      | Reached XP level 3. HP: 12/27 MP: 3/3
  1292 | D:2      | Reached skill level 1 in Unarmed Combat
  1647 | D:2      | Found an ancient bone altar of Kikubaaqudgha.
  1661 | D:2      | Found a radiant altar of Vehumet.
  1664 | D:2      | Found a deep blue altar of Sif Muna.
  1681 | D:2      | Identified Vehumet's Collected Works on Conjuration
  1730 | D:2      | Gained mutation: You are immune to rotting. [demonic
                  | ancestry]
  1730 | D:2      | Reached XP level 4. HP: 23/33 MP: 4/4
  1832 | D:2      | Found a white marble altar of Elyvilon.
  2028 | D:2      | Reached skill level 2 in Unarmed Combat
  2413 | D:3      | Reached skill level 1 in Armour
  2420 | D:3      | Gained mutation: A weak demonic guardian rushes to your
                  | aid. [demonic ancestry]
  2420 | D:3      | Reached XP level 5. HP: 19/38 MP: 5/5
  2429 | D:3      | Reached skill level 3 in Unarmed Combat
  2774 | D:3      | Found a bloodstained altar of Trog.
  3152 | D:3      | Reached skill level 1 in Stealth
  3408 | D:4      | Found a shadowy altar of Dithmenos.
  3412 | D:4      | Noticed an ogre
  3426 | D:4      | Killed an ogre
  3426 | D:4      | Reached skill level 4 in Unarmed Combat
  3426 | D:4      | Gained mutation: You have hoof-like feet. [demonic
                  | ancestry]
  3426 | D:4      | Reached XP level 6. HP: 24/45 MP: 6/6
  3668 | D:4      | Noticed Robin
  3703 | D:4      | Killed Robin
  3808 | D:4      | Found an ornate altar of the Wu Jian Council.
  3903 | D:4      | Found a hazy altar of Hepliaklqana.
  3997 | D:4      | Reached skill level 5 in Unarmed Combat
  4002 | D:4      | Gained mutation: You have a pair of small horns on your
                  | head. [demonic ancestry]
  4002 | D:4      | Reached XP level 7. HP: 34/51 MP: 7/7
  4200 | D:5      | Entered Level 5 of the Dungeon
  4425 | D:5      | Noticed Prince Ribbit
  4779 | D:5      | Reached skill level 6 in Unarmed Combat
  5248 | D:5      | Killed Prince Ribbit
  5248 | D:5      | Gained mutation: You have very sharp fingernails. [demonic
                  | ancestry]
  5248 | D:5      | Reached XP level 8. HP: 57/57 MP: 8/8
  5304 | D:5      | Reached skill level 5 in Throwing
  5416 | D:5      | Found an ancient bone altar of Kikubaaqudgha.
  5496 | D:5      | Reached skill level 7 in Unarmed Combat
  5577 | D:5      | Found a basalt altar of Yredelemnul.
  5603 | D:5      | Noticed Pikel
  5648 | D:5      | Killed Pikel
  5648 | D:5      | Reached skill level 1 in Shields
  5799 | D:6      | Reached skill level 8 in Unarmed Combat
  5960 | D:6      | Found a blossoming altar of Fedhas.
  5983 | D:6      | Reached XP level 9. HP: 49/63 MP: 9/9
  6144 | D:6      | Found a stormy altar of Qazlal.
  6688 | D:6      | Found Hyugg's Antique Weapon Shop.
  6699 | D:6      | Bought a runed broad axe for 217 gold pieces
  6948 | D:7      | Reached skill level 9 in Unarmed Combat
  7089 | D:7      | Found a staircase to the Ecumenical Temple.
  7128 | D:7      | Found a glowing golden altar of the Shining One.
  7155 | Temple   | Entered the Ecumenical Temple
  7192 | Temple   | Became a worshipper of Warmaster Okawaru
  7332 | D:7      | Got a bound iron amulet
  8101 | D:7      | Reached * piety under Okawaru
  8435 | D:8      | Reached skill level 10 in Unarmed Combat
  8435 | D:8      | Reached skill level 1 in Invocations
  8478 | D:8      | Reached XP level 10. HP: 54/70 MP: 11/11
  8489 | D:8      | Reached ** piety under Okawaru
  8641 | D:8      | Found a staircase to the Lair.
  8761 | D:8      | Found a glowing silver altar of Zin.
  9121 | D:8      | Reached skill level 5 in Armour
  9427 | D:8      | Found a white marble altar of Elyvilon.
  9848 | D:9      | Got a pitted great sword
  9866 | D:9      | Identified the amulet of Virtue {Gourm Int+3} (You found it
                  | on level 7 of the Dungeon)
  9878 | D:9      | Reached *** piety under Okawaru
 10104 | D:9      | Reached skill level 11 in Unarmed Combat
 10146 | D:9      | Reached skill level 1 in Evocations
 10301 | D:9      | Found an opulent altar of Gozag.
 10364 | D:9      | Found a runed translucent door.
 10364 | D:9      | Noticed Azzok's ghost (novice DDFi)
 10517 | D:10     | Entered Level 10 of the Dungeon
 10532 | D:10     | Got a heavily runed ring mail
 11362 | D:10     | Reached **** piety under Okawaru
 11465 | D:11     | Identified the +5 ring mail of Beauty {*Contam +Fly rF+}
                  | (You found it on level 10 of the Dungeon)
 11466 | D:11     | Identified the +11 great sword of the Equator {slice, rPois
                  | rC+} (You found it on level 9 of the Dungeon)
 11526 | D:11     | Gained mutation: You have a pair of horns on your head.
                  | [demonic ancestry]
 11526 | D:11     | Reached XP level 11. HP: 63/75 MP: 11/14
 11535 | D:11     | Reached skill level 5 in Invocations
 11599 | D:11     | Noticed a two-headed ogre
 11606 | D:11     | Killed a two-headed ogre
 11611 | D:11     | Found a staircase to the Orcish Mines.
 11626 | D:11     | Noticed a two-headed ogre
 11642 | D:11     | Killed a two-headed ogre
 11642 | D:11     | Reached ***** piety under Okawaru
 11642 | D:11     | Received a gift from Okawaru
 11704 | D:11     | Reached skill level 12 in Unarmed Combat
 12533 | D:11     | Found Roochyfaho's Food Emporium.
 12751 | Lair:1   | Entered Level 1 of the Lair of Beasts
 12851 | Lair:1   | Received a gift from Okawaru
 13215 | Lair:1   | Noticed a four-headed hydra
 13224 | Lair:1   | Killed a four-headed hydra
 13229 | Lair:1   | You are sucked into a shaft and drop 1 floor!
 13240 | Lair:2   | Noticed a six-headed hydra
 13574 | Lair:2   | Received a gift from Okawaru
 13794 | Lair:2   | Received a gift from Okawaru
 13968 | Lair:2   | Reached skill level 13 in Unarmed Combat
 13968 | Lair:2   | Gained mutation: You may emit foul miasma when damaged in
                  | melee. [demonic ancestry]
 13968 | Lair:2   | Reached XP level 12. HP: 17/83 MP: 13/16
 14407 | Lair:2   | Received a gift from Okawaru
 14434 | Lair:2   | Killed a six-headed hydra
 14551 | Lair:2   | Reached skill level 5 in Evocations
 15120 | Lair:2   | Found a staircase to the Snake Pit.
 15668 | Lair:2   | Noticed an eight-headed hydra
 15680 | Lair:2   | Killed an eight-headed hydra
 16245 | Lair:1   | Noticed a five-headed hydra
 16254 | Lair:1   | Killed a five-headed hydra
 16254 | Lair:1   | Reached skill level 14 in Unarmed Combat
 17302 | Lair:3   | Received a gift from Okawaru
 17644 | Lair:3   | Gained mutation: You have hooves in place of feet. [demonic
                  | ancestry]
 17644 | Lair:3   | Reached XP level 13. HP: 58/88 MP: 17/17
 18149 | Lair:3   | Received a gift from Okawaru
 18793 | Lair:4   | Found a frozen archway.
 18817 | IceCv    | Entered an ice cave
 18856 | IceCv    | Reached skill level 5 in Shields
 19871 | IceCv    | Reached skill level 15 in Unarmed Combat
 19884 | IceCv    | Identified the cursed +2 demon blade of Axaoqaho {elec,
                  | rC+} (You found it in an ice cave)
 20473 | Lair:4   | Received a gift from Okawaru
 20947 | Lair:4   | Found a staircase to the Swamp.
 21816 | Lair:5   | Noticed Rupert
 22003 | Lair:5   | Found a dark tunnel.
 22094 | Volcano  | Entered a volcano
 22142 | Volcano  | Found a radiant altar of Vehumet.
 22177 | Volcano  | Demolished by a two-headed ogre

Levels and vault maps discovered:
D:1:      lemuel_arrival_broad_hall, layout_rooms, minmay_misc_feat_tower
D:2:      layout_basic, grunt_temple_overflow_magic_moments, first_ration,
          serial_rivers, chequers_serial_rivers_small_a,
          chequers_serial_rivers_micro_e, chequers_serial_rivers_large_b,
          chequers_serial_rivers_micro_b, chequers_serial_rivers_micro_c,
          elyvilon_altar_1
D:3:      cheibrodos_helix_gallery, layout_loops_ring, lemuel_doored_altar,
          serial_glass, glass_columns_b, glass_columns_c, nrook_campfire
D:4:      layout_rooms, grunt_dithmenos_smoke_and_mirrors, lemuel_round_altar,
          kennysheep_mini_moat, uniq_robin
D:5:      layout_gridville, marbit_many_paths, minmay_misc_feat_square,
          amethyst_killhole, tgw_kikubaaqudgha, uniq_prince_ribbit1, uniq_pikel
D:6:      kennysheep_slugbush, layout_cave_pools,
          nicolae_qazlal_general_emergency, serial_shops, shop,
          fedhas_bush_and_centaur_altar
D:7:      kennysheep_kobold_camp, layout_loops_corners,
          overflow_temple_1_default, minmay_temple_entry_enclosed_plants
D:8:      layout_basic, nicolae_overflow_crystal_walls, old_standard_altar,
          erik_lair_orcish_takeover, blue_anna_alchemist
          [blue_anna_fruit_fields, blue_anna_fruit_fields]
D:9:      layout_rooms, nicolae_gozag_cash_rules_everything_around_me,
          gammafunk_ghost_grave
D:10:     layout_roguey, minivault_26
D:11:     layout_rooms, orc_david_3, serial_shops, nicolae_shop_trees
Temple:   jpeg_temple_island
Lair:1:   layout_regular_city
Lair:2:   regret_index_wax_grids, layout_concentric_octagons,
          minmay_snake_entry_guardpost_small, lemuel_fruit_tree
Lair:3:   layout_regular_city, grunt_forest_small_clearings,
          serial_bayou_shore_b, lemuel_fruit_fields, grunt_megastairs_4
Lair:4:   layout_big_grid, palyth_hydra_swamp_entry, portal_ice_cave_rime,
          minivault_26, serial_bayou_shore_a, grunt_megastairs_3
Lair:5:   layout_gridlike, nicolae_volcano_entry_batcave, uniq_rupert
Volcano:  kennysheep_volcano_temple

Skill      XL: |  1  2  3  4  5  6  7  8  9 10 11 12 13 |
---------------+----------------------------------------+-----
Throwing       | 4 5 7 |  7.5
Unarmed Combat | 1 2 4 5 6 8 10 11 13 14 15 | 15.6
Armour         | 1 2 3 4 5 6 7 8 |  8.6
Dodging        | 2 3 |  3.5
Stealth        | 1 2 |  2.8
Fighting       | 3 4 |  4.4
Shields        | 1 2 3 4 5 |  5.5
Invocations    | 2 4 6 |  6.2
Evocations     | 2 4 5 7 |  7.1

Action                   |  1- 3 |  4- 6 |  7- 9 | 10-12 | 13-15 || total
-------------------------+-------+-------+-------+-------+-------++-------
Melee: Short sword       |    23 |       |       |       |       ||    23
       Unarmed           |   135 |   213 |   389 |   824 |   328 ||  1889
       Kick              |    13 |    63 |    65 |       |    94 ||   235
       Punch             |       |     1 |       |       |       ||     1
       Headbutt          |       |       |    68 |   161 |    67 ||   296
Throw: Boomerang         |    12 |    13 |    30 |   125 |    64 ||   244
       Javelin           |     1 |     6 |     7 |     8 |     8 ||    30
       Throwing net      |     1 |       |     3 |     2 |       ||     6
Invok: Heroism           |       |       |       |     5 |     3 ||     8
       Finesse           |       |       |       |     1 |     2 ||     3
Evoke: Wand              |       |       |       |    19 |    20 ||    39
       Lamp of fire      |       |       |       |       |     1 ||     1
       Phial of floods   |       |       |       |       |     1 ||     1
       Sack of spiders   |       |       |       |       |     1 ||     1
       Phantom mirror    |       |       |       |       |     1 ||     1
  Use: Scroll            |     5 |     4 |     3 |    11 |     8 ||    31
       Potion            |       |     5 |     1 |     4 |     3 ||    13
 Stab: Sleeping          |     1 |       |       |       |       ||     1
       Distracted        |       |       |     1 |     5 |     2 ||     8
  Eat: Chunk             |     3 |     7 |    11 |    47 |    14 ||    82
       Ration            |       |       |     1 |       |       ||     1
Armor: Leather armour    |    13 |       |       |       |       ||    13
       Ring mail         |    40 |    33 |       |       |       ||    73
       Chain mail        |       |    81 |   114 |    23 |       ||   218
       Skin              |       |       |    16 |       |       ||    16
       Plate armour      |       |       |       |   328 |   123 ||   451
Dodge: Dodged            |   130 |    91 |    88 |   180 |    43 ||   532
Block: Shield            |       |     2 |    52 |    12 |    98 ||   164
       Buckler           |       |       |    60 |   203 |       ||   263

Table legend:
 A = Non-vault XP
 B = Vault XP
 C = Vault XP percentage of total XP
 D = Non-vault monster count
 E = Vault monster count
 F = Vault count percentage of total count
                 A         B        C        D         E       F
            +---------+---------+-------+---------+---------+-------
      Total |   42867 |   21092 |  33.0 |     380 |     153 |  28.7
            +---------+---------+-------+---------+---------+-------
        D:1 |      31 |       0 |   0.0 |      16 |       0 |   0.0
        D:2 |      90 |       0 |   0.0 |      29 |       0 |   0.0
        D:3 |     176 |      15 |   7.9 |      28 |       2 |   6.7
        D:4 |     497 |      33 |   6.2 |      22 |      11 |  33.3
        D:5 |     661 |     912 |  58.0 |      13 |       3 |  18.8
        D:6 |     812 |     152 |  15.8 |      26 |      10 |  27.8
        D:7 |    1285 |      91 |   6.6 |      29 |      21 |  42.0
        D:8 |    1960 |     715 |  26.7 |      37 |      10 |  21.3
        D:9 |    1334 |       0 |   0.0 |      17 |       0 |   0.0
       D:10 |    1274 |       0 |   0.0 |      19 |       0 |   0.0
       D:11 |    5232 |     275 |   5.0 |      39 |       4 |   9.3
     Lair:1 |    3641 |       0 |   0.0 |      14 |       0 |   0.0
     Lair:2 |   10694 |    6425 |  37.5 |      39 |      48 |  55.2
     Lair:3 |    6643 |     361 |   5.2 |      23 |       3 |  11.5
     Lair:4 |    7108 |    4437 |  38.4 |      21 |      12 |  36.4
     Lair:5 |    1429 |     584 |  29.0 |       8 |       3 |  27.3
      IceCv |       0 |    5036 | 100.0 |       0 |      23 | 100.0
    Volcano |       0 |    2056 | 100.0 |       0 |       3 | 100.0
            +---------+---------+-------+---------+---------+-------
